 Dungeon Crawl Stone Soup version 0.30.1-11-g7821555f0a (webtiles) character file.

Game seed: 8205125479715229354

360 lonewolfV2 the Chopper (level 6, -11/51 HPs)
             Began as a Formicid Fighter on Nov 15, 2023.
             Mangled by Menkaure (19 damage)
             ... on level 4 of the Dungeon.
             The game lasted 00:03:12 (2861 turns).

lonewolfV2 the Chopper (Formicid Fighter)           Turns: 2861, Time: 00:03:13

Health: -11/51     AC:  6    Str: 21    XL:     6   Next: 98%
Magic:  6/6        EV:  9    Int:  7    God:
Gold:   154        SH:  5    Dex: 15    Spells: 5/5 levels left

rFire   . . .        a - +0 war axe
rCold   . . .        c - +0 buckler
rNeg    . . .        b - +0 scale mail
rPois   .            (helmet unavailable)
rElec   .            (no cloak)
rCorr   .            (no gloves)
SInv    +            (no boots)
Will    .....        (no amulet) Stlth
                     (no ring)
HPRegen 0.28/turn    (no ring)
MPRegen 0.10/turn

%: no passive effects
@: mighty
A: permanent stasis, dig shafts and tunnels, antennae 3, four strong arms
a: Dig, Shaft Self


You were on level 4 of the Dungeon.
You visited 1 branch of the dungeon, and saw 4 of its levels.

You collected 154 gold pieces.

Inventory:

Hand Weapons
 a - a +0 war axe (weapon)
Armour
 b - a +0 scale mail (worn)
 c - a +0 buckler (worn)
Jewellery
 n - a ring of willpower
Scrolls
 f - a scroll of teleportation
 k - 3 scrolls of enchant weapon
 l - a scroll of enchant armour {unknown}
 o - a scroll of amnesia {unknown}
Potions
 d - 2 potions of might
 e - 2 potions of lignification
 g - a potion of heal wounds {unknown}
 h - a potion of curing {unknown}
 j - a potion of attraction {unknown}
 m - a potion of flight {unknown}


   Skills:
 + Level 5.4 Fighting
 + Level 5.5 Axes
 - Level 3.2 Armour
 - Level 4.0 Shields


You had 5 spell levels left.
You didn't know any spells.
Your spell library contained the following spells:

 Spells                   Type           Power      Damage    Failure   Level
 Gell's Gravitas          Tloc           0%         N/A       99%         3
 Teleport Other           Tloc           0%         N/A       99%         3
 Dispersal                Tloc           0%         N/A       100%        6


Dungeon Overview and Level Annotations

Branches:
Dungeon (4/15)
 Temple: D:4-7

Altars:

Annotations:
D:4 Menkaure


Innate Abilities, Weirdness & Mutations

You cannot be hasted, slowed, berserked, paralysed or teleported.
You can dig through walls and to a lower floor.
You have a pair of large antennae on your head. (SInv)
Your four strong arms can wield two-handed weapons with a shield.


Message History

Natasha is almost dead.
Natasha claws you.
Natasha zaps a wand.
The puff of flame hits you.
You barely miss Natasha.
Natasha is almost dead.
Natasha claws you but does no damage.
You slash Natasha!
You kill Natasha!
Natasha yowls pathetically as she dies!
You see here the felid corpse of Natasha.
You start resting.
HP restored.
You start waiting.
Done waiting.
You start waiting.
Done waiting.
You see here the +1 robe "Moqut" {rCorr Str+4 Dex+3}.
You sense a monster nearby.
You see here the +1 robe "Moqut" {rCorr Str+4 Dex+3}.
You see here a +0 short sword.
Found a quarterstaff.
You see here a +0 quarterstaff.
An endoplasm comes into view.
An endoplasm is nearby!
An endoplasm is nearby!
The endoplasm hits you but does no damage.
You slash the endoplasm!
You kill the endoplasm!
Menkaure, Prince of Dust comes into view.
Menkaure shouts!
You hear a shout!
You feel very mighty all of a sudden.
Menkaure calls on the powers of darkness!
Your body is wracked with pain!
You slash Menkaure!
Menkaure is severely damaged.
Menkaure hits you!!
* * * LOW HITPOINT WARNING * * *
It was a potion of berserk rage.
Your stasis prevents you from going berserk.
Menkaure hits you!!
You die...

### #.. #.#
##### #M#
#...##########@#
#
#.#...)........#
...#
#...############
{ .... ##.## #.#
#^.# #.# ..# .
.# #.# ..# .##.#
#.# ..# ..#.#
#.# #.# #.#.#


You could see Menkaure.

Vanquished Creatures
  An ogre (D:4)
  Blork the orc (D:4)
  A hound (D:4)
  Natasha (twice) (D:4)
  4 adders (D:4)
  3 worms
  3 dart slugs
  6 orcs
  4 bats
  8 endoplasms
  2 giant cockroaches
  6 goblins
  5 hobgoblins
  5 jackals
  9 kobolds
  2 quokkas
  4 ball pythons
  2 frilled lizards
  6 rats
74 creatures vanquished.

Notes
Turn   | Place    | Note
-------+----------+-------------------------------------------
     0 | D:1      | lonewolfV2 the Formicid Fighter began the quest for the
                  | Orb.
     0 | D:1      | Reached XP level 1. HP: 18/18 MP: 1/1
   166 | D:1      | Reached XP level 2. HP: 15/24 MP: 2/2
   456 | D:1      | Reached XP level 3. HP: 29/30 MP: 3/3
  1083 | D:2      | Reached XP level 4. HP: 37/37 MP: 4/4
  2060 | D:4      | Noticed Natasha
  2066 | D:4      | Killed Natasha
  2067 | D:4      | Reached XP level 5. HP: 41/43 MP: 5/5
  2095 | D:4      | Noticed an ogre
  2100 | D:4      | Killed an ogre
  2101 | D:4      | Reached XP level 6. HP: 33/49 MP: 6/6
  2104 | D:4      | Reached skill level 5 in Axes
  2231 | D:4      | Noticed Blork the orc
  2236 | D:4      | Reached skill level 5 in Fighting
  2240 | D:4      | Killed Blork the orc
  2471 | D:4      | Noticed Natasha
  2479 | D:4      | Killed Natasha
  2788 | D:4      | Identified the +1 robe "Moqut" {rCorr Str+4 Dex+3}
  2856 | D:4      | Noticed Menkaure
  2861 | D:4      | Mangled by Menkaure

Illustrated notes

Levels and vault maps discovered:
D:1:      roderic_chinese_lattice_arrival, layout_loops_cross
D:2:      layout_basic
D:3:      layout_basic
D:4:      layout_loops_ring, mainiacjoe_overflow_alcove_2, uniq_blork_the_orc,
          uniq_robin, uniq_natasha, uniq_pikel, uniq_menkaure

Skill      XL: |  1  2  3  4  5  6 |
---------------+-------------------+-----
Axes           | 3 4 5 |  5.5
Fighting       | 4 5 |  5.4
Armour         | |  3.2
Shields        | |  4.0

Action                     |  1- 3 |  4- 6 || total
---------------------------+-------+-------++-------
  Melee: War axe           |    85 |   116 ||   201
    Use: Scroll            |     2 |     3 ||     5
         Potion            |       |     3 ||     3
 Armour: Scale mail        |    28 |    49 ||    77
  Dodge: Dodged            |    34 |    57 ||    91
  Block: Buckler           |    21 |    29 ||    50
